 Dungeon Crawl Stone Soup version 0.29.0 (webtiles) character file.

Game seed: 12357396856931986773

6 Kosidy the Caller (level 1, -1/7 HPs)
             Began as a Felid Summoner on Sept 6, 2022.
             Frozen to death by an endoplasm (5 damage)
             ... on level 1 of the Dungeon.
             The game lasted 00:00:34 (647 turns).

Kosidy the Caller (Felid Summoner)                   Turns: 647, Time: 00:00:35

Health: -1/7       AC:  1    Str:  4    XL:     1   Next: 75%
Magic:  2/4        EV: 17    Int: 16    God:
Gold:   10         SH:  0    Dex: 16    Spells: 3/4 levels left
                                        Lives:  0   Deaths: 0

rFire   . . .      SeeInvis +   (weapon unavailable)
rCold   . . .      Faith    .   (shield unavailable)
rNeg    . . .      Spirit   .   (body armour unavailable)
rPois   .          Reflect  .   (helmet unavailable)
rElec   .          Harm     .   (cloak unavailable)
rCorr   .          Rampage  .   (gloves unavailable)
Will    .....                   (boots unavailable)
Stlth   ++........              (no amulet)
HPRegen 0.02/turn               (no ring)
MPRegen 0.09/turn               (no ring)

@: quick
A: very small, claws 1, fangs 3, see invisible, speed 1, shaggy fur 1, stealthy
paws, no weapons or thrown items, no armour, multi-lived
a: no special abilities


You were on level 1 of the Dungeon.
You visited 1 branch of the dungeon, and saw 1 of its levels.

You collected 10 gold pieces.

Inventory:

Scrolls
 b - a scroll of teleportation {unknown}
Potions
 a - a potion of magic
 c - 2 potions of brilliance {unknown}


   Skills:
 + Level 2.7 Dodging
 + Level 2.7 Stealth
 + Level 2.0 Spellcasting
 + Level 4.2 Summonings


You had 3 spell levels left.
You knew the following spells:

 Your Spells              Type           Power      Damage    Failure   Level
a - Summon Small Mammal   Summ           60%        N/A       3%          1

Your spell library contained the following spells:

 Spells                   Type           Power      Damage    Failure   Level
 Call Imp                 Summ           15%        N/A       5%          2
 Call Canine Familiar     Summ           15%        N/A       11%         3
 Summon Guardian Golem    Hex/Summ       8%         N/A       26%         3
 Summon Lightning Spire   Summ/Air       8%         N/A       65%         4


Dungeon Overview and Level Annotations

Branches:
Dungeon (1/15)

Altars:


Innate Abilities, Weirdness & Mutations

You have sharp claws.
You have razor-sharp teeth.
You have supernaturally acute eyesight. (SInv)
You cover ground quickly. (Speed+)
You are covered in fur. (AC +1)
Your paws help you pounce on unaware monsters.
You are incapable of wielding weapons or throwing items.
You cannot wear armour.
You gain extra lives every three experience levels.


Message History

Your bat disappears in a puff of smoke!
Your quokka disappears in a puff of smoke!
You now have 10 gold pieces.
The goblin shouts!
Your quokka completely misses the goblin.
You scratch the goblin.
The goblin is moderately wounded.
The goblin hits you with a +0 club.
Your quokka barely misses the goblin. x2
You barely miss the goblin.
The goblin is moderately wounded.
Your quokka bites the goblin.
The goblin dies!
You see here a +0 club.
Your quokka disappears in a puff of smoke!
Your quokka disappears in a puff of smoke!
Found an escape hatch in the floor.
An endoplasm comes into view.
A dart slug comes into view.
Found 4 gold pieces.
You miscast Summon Small Mammal.
You are very lightly contaminated with residual magic.
Nothing appears to happen.
A goblin and a ball python come into view.
Found 8 gold pieces.
The goblin shouts!
The ball python hisses angrily.
The endoplasm quivers.
The dart slug launches a dart at you. The slug dart misses you.
The dart slug launches a dart at you. The slug dart misses you.
The endoplasm completely misses you.
Your rat bites the dart slug.
Your rat bites the dart slug but does no damage.
Your magical contamination has completely faded away.
The endoplasm freezes you.
You are frozen.
The endoplasm freezes you.
You are frozen.
Ouch! That really hurt!
You die...

#.........$.... ###
#........#.##.# ...###
#..........##.# .. #.....
#........####.# .........##
#......#..>.#.###.......###.
###...wr.g..g.............#.
#...#####.#S####... ......##
#...# #.#J# #....# #...##
#.#@# ..##..... #... #.#.#
##........ #$## #.r.#
#..####..# #. ##..# #.# #...
# #..# ##.# #...
#..######..######..
#......##.....#####
##..............####
#...................


You could see an endoplasm (ally target), a goblin, a ball python and a friendly
rat (summoned).

Vanquished Creatures (collateral kills)
  3 bats (D:1)
  A goblin (D:1)
  A hobgoblin (D:1)
5 creatures vanquished.

Notes
Turn   | Place    | Note
-------+----------+-------------------------------------------
     0 | D:1      | Kosidy the Felid Summoner began the quest for the Orb.
     0 | D:1      | Reached XP level 1. HP: 7/7 MP: 4/4
   647 | D:1      | Frozen to death by an endoplasm

Illustrated notes

Levels and vault maps discovered:
D:1:      nzn_arrival_crosshair, layout_rooms, minmay_stone_trees_small

Action                   || total
-------------------------++-------
Melee: Unarmed           ||    13
 Cast: Summon Small Mamm ||     8
Armor: Skin              ||     3
Dodge: Dodged            ||    19
